 Dungeon Crawl Stone Soup version 0.29.1-15-g9cfb28693d (webtiles) character file.

Game seed: 6696314475861288869

161 HOAXBANE2 the Trooper (level 5, 0/42 HPs)
             Began as a Human Artificer on Mar 8, 2023.
             Slain by a hornet (shapeshifter) (3 damage)
             ... in a sewer.
             The game lasted 00:21:47 (2974 turns).

HOAXBANE2 the Trooper (Human Artificer)             Turns: 2974, Time: 00:21:49

Health: 0/42       AC:  6    Str: 12    XL:     5   Next: 70%
Magic:  5/5        EV: 11    Int: 13    God:
Gold:   95         SH:  0    Dex: 14    Spells: 4/4 levels left

rFire   . . .      SeeInvis .   u - +3 quarterstaff (chaos)
rCold   . . .      Faith    .   (shield currently unavailable)
rNeg    . . .      Spirit   .   o - +0 leather armour
rPois   .          Reflect  .   f - +1 helmet
rElec   .          Harm     .   v - +0 cloak
rCorr   .          Rampage  .   (no gloves)
Will    .....                   (no boots)
Stlth   ++........              (no amulet)
HPRegen 0.14/turn               (no ring)
MPRegen 0.09/turn               (no ring)

@: lethally poisoned (0 -> -6), slowed, very slow
A: no striking features
a: no special abilities


You were in a sewer.
You visited 1 branch of the dungeon, and saw 3 of its levels.
You also visited: Sewer.

You collected 95 gold pieces.

Inventory:

Hand Weapons
 b - a +0 sling
 u - a +3 quarterstaff of chaos (weapon)
Missiles
 r - 4 poisoned darts (quivered)
Armour
 f - a +1 helmet (worn)
 o - a +0 leather armour (worn)
 v - a +0 cloak (worn)
Wands
 c - a wand of flame (8)
 d - a wand of charming (15)
 e - a wand of iceblast (5)
 p - a wand of paralysis (3)
Scrolls
 a - a scroll of teleportation {unknown}
 k - a scroll of noise
Potions
 g - a potion of might {unknown}
 i - a potion of magic {unknown}
 l - a potion of flight {unknown}
 m - 2 potions of curing {unknown}
 t - a potion of cancellation {unknown}


   Skills:
 - Level 4.0 Fighting
 + Level 0.1 Staves
 - Level 2.0 Armour
 - Level 1.0 Dodging
 + Level 3.3 Stealth
 - Level 3.0 Evocations


You had 4 spell levels left.
You didn't know any spells.
Your spell library was empty.

Dungeon Overview and Level Annotations

Branches:
Dungeon (3/15)              Sewer (1/1)

Altars:

Shops:
D:1 *=[[(


Message History

The helpless water moccasin fails to defend itself.
You hit the water moccasin but do no damage.
The water moccasin changes into a shapeshifter!
The shapeshifter is severely wounded.
The shapeshifter changes into a hornet!
You sock the hornet!
The hornet is moderately wounded.
The hornet stings you.
You feel yourself slow down. The hornet misses you.
Press: ? - help, v - describe, . - travel, g - get item
Here: a hornet shaped shifter (moderately wounded) Item here: a potion of haste.
The floor, spattered with blood.
You closely miss the hornet.
The hornet is moderately wounded.
The hornet closely misses you. x2; The hornet barely misses you.
You hit the hornet but do no damage.
The hornet is moderately wounded.
You feel yourself speed up. The hornet stings you.
You feel yourself slow down. The hornet stings you.
You suddenly lose the ability to move!
You can move again.
You hit the hornet but do no damage. You drain the hornet.
The hornet is moderately wounded.
The hornet barely misses you.
The hornet stings you but does no damage.
The hornet stings you.
You are poisoned.
You feel as though you will be slow longer.
Aiming: Paralyse
Press: ? - help, Shift-Dir - straight line, f/p - hornet
Aim: a hornet shaped shifter (moderately wounded, lightly drained, chance to affect: 51%)
The hornet resists with significant effort.
You feel very sick. The hornet stings you!
You feel as though you will be slow longer.
The hornet stings you!
* * * LOW HITPOINT WARNING * * *
You feel as though you will be slow longer.
The hornet stings you.
You die...

#.# #.# #######
#.# ##.....## #.#
#...≈...## #.#
...≈≈≈...#######.#
∩.≈≈≈≈≈..........#
...≈≈≈...#######.#
#...≈...## #@#
##.....## #y#
####### #.# ...
... ..... .....
.......


You could see a hornet shaped shifter (drained).

Vanquished Creatures
  Crazy Yiuf (D:2)
  Jessica (D:2)
  4 gnolls (D:3)
  3 adders (D:2)
  2 dart slugs
  4 endoplasms
  2 giant cockroaches
  4 goblins
  2 hobgoblins (D:2)
  A quokka (D:1)
  6 ball pythons
  6 bats
  3 frilled lizards
  A kobold (D:3)
  2 rats (D:1)
42 creatures vanquished.

Notes
Turn   | Place    | Note
-------+----------+-------------------------------------------
     0 | D:1      | HOAXBANE2 the Human Artificer began the quest for the Orb.
     0 | D:1      | Reached XP level 1. HP: 15/15 MP: 1/1
   152 | D:1      | Reached XP level 2. HP: 10/22 MP: 2/2
   369 | D:1      | Found Ropp's Jewellery Boutique.
   385 | D:1      | Found Ticzi's General Store.
   391 | D:1      | Reached skill level 2 in Fighting
   736 | D:1      | Found Tiocajid's Armour Boutique.
   776 | D:1      | Found Hanwaoxu's Armour Shop.
   949 | D:1      | Found Miqo's Weapon Shop.
  1242 | D:2      | Reached XP level 3. HP: 26/28 MP: 3/3
  1280 | D:2      | Reached skill level 3 in Fighting
  1547 | D:2      | Noticed Jessica
  1557 | D:2      | Killed Jessica
  1558 | D:2      | Reached XP level 4. HP: 24/37 MP: 4/4
  1836 | D:2      | Reached skill level 4 in Fighting
  2073 | D:2      | Found a faded altar of an unknown god.
  2395 | D:2      | Found a runed translucent door.
  2396 | D:2      | Noticed Crazy Yiuf
  2409 | D:2      | Killed Crazy Yiuf
  2410 | D:2      | Reached XP level 5. HP: 19/42 MP: 5/5
  2852 | D:3      | Found a glowing drain.
  2859 | Sewer    | Entered a sewer
  2959 | Sewer    | Noticed a water moccasin
  2969 | Sewer    | Noticed a shapeshifter
  2969 | Sewer    | a water moccasin changed into a shapeshifter
  2969 | Sewer    | Noticed a hornet
  2969 | Sewer    | a shapeshifter changed into a hornet
  2972 | Sewer    | Paralysed by a hornet for 1 turns
  2974 | Sewer    | Slain by a hornet (shapeshifter)

Illustrated notes

Levels and vault maps discovered:
D:1:      erik_arrival_blinker_ship, layout_basic, serial_shops,
          nicolae_shop_advertising_works [nicolae_subvault_shop_adworks], shop,
          nicolae_shop_behind_doors, shop, nicolae_shop_hallway_stairs,
          grunt_decor_junction, grunt_decor_cap, minmay_stone_trees_medium
D:2:      layout_basic, ebering_ecumenical_altar_ruins, uniq_crazy_yiuf_cottage,
          uniq_jessica
D:3:      layout_basic, portal_sewer_entry_b
Sewer:    sewer_big_baddie

Skill      XL: |  1  2  3  4  5 |
---------------+----------------+-----
Fighting       | 2 3 4 |  4.0
Stealth        | 2 3 |  3.3
Staves         | |  0.1
Armour         | |  2.0
Dodging        | |  1.0
Evocations     | |  3.0

Action                   |  1- 3 |  4- 6 || total
-------------------------+-------+-------++-------
Melee: Hand axe          |    72 |    36 ||   108
       Club              |     9 |       ||     9
       Punch             |     1 |       ||     1
       Mace              |       |     6 ||     6
       Quarterstaff      |       |    22 ||    22
 Fire: Sling             |       |     7 ||     7
Throw: Dart              |       |     5 ||     5
Evoke: Wand              |     1 |    12 ||    13
  Use: Scroll            |       |     6 ||     6
 Stab: Sleeping          |     4 |     1 ||     5
       Paralysed         |       |     8 ||     8
Armor: Leather armour    |    36 |    27 ||    63
Dodge: Dodged            |    50 |    47 ||    97
